AoeStats
← Kanata

Arena

509055327Analyzed
2v2 RM · 7d ago on Sep 25, 2026· 42m 55s· 4 players
Game mode
Random Map
Map size
Medium (4 player)
Population
200
Speed
Normal
Resources
Standard
Victory
Conquest
Starting age
Dark Age
Ending age
Imperial Age
RankedLock teamsTeams togetherTeam positionsShared explorationLock speedFull tech treeHidden civsTurbo modeCheats
Victory
Defeat
🇨🇳 Bohemians · China
878
+14
🇨🇳 Teutons · China
875
+14
🇨🇭 Mongols · Switzerland
850
-14
🇨🇭 Bohemians · Switzerland
830
-14
Bako
10:55 Feudal Age
17:34 Castle Age
15:21 Horse Collar
16:29 Stone Mining
22:07 Double-Bit Axe
24:02 Fletching
24:13 Padded Archer Armor
25:21 Heavy Plow
26:05 Bodkin Arrow
26:26 Leather Archer Armor
26:28 Gold Mining
34:27 Imperial Age
37:03 Forging
36:54 Scale Mail Armor
37:00 Scale Barding Armor
40:30 Ballistics
marti
6:15 Loom
13:43 Feudal Age
20:55 Castle Age
19:17 Double-Bit Axe
19:36 Horse Collar
22:15 Forging
22:05 Scale Mail Armor
23:44 Town Watch
25:13 Wheelbarrow
24:45 Heavy Plow
25:57 Bow Saw
25:42 Pikeman
26:43 Squires
27:09 Arson
27:26 Fletching
27:37 Padded Archer Armor
29:55 Hand Cart
29:43 Bodkin Arrow
31:48 Iron Casting
31:30 Chain Mail Armor
31:35 Leather Archer Armor
34:23 Town Patrol
34:53 Ballistics
39:42 Imperial Age
39:23 Chemistry
Kanata
11:16 Feudal Age
11:42 Horse Collar
11:51 Double-Bit Axe
16:35 Castle Age
20:25 Loom
21:24 Wheelbarrow
22:04 Bow Saw
22:07 Fletching
24:23 Hand Cart
29:12 Imperial Age
28:07 Chemistry
28:37 Murder Holes
29:03 Ballistics
28:43 Bodkin Arrow
29:12 Town Watch
29:35 Scale Mail Armor
29:51 Masonry
31:45 Heavy Plow
32:34 Forging
33:54 Elite Hussite Wagon
34:52 Houfnice
36:43 Wagenburg Tactics
37:47 Scale Barding Armor
38:39 Conscription
39:24 Capped Ram
39:29 Heavy Scorpion
43:00 Hussite Reforms
42:26 Sappers
Acerlatu
11:07 Feudal Age
12:28 Double-Bit Axe
16:02 Castle Age
15:35 Horse Collar
16:38 Wheelbarrow
17:30 Bow Saw
19:07 Town Watch
24:07 Gold Mining
24:07 Stone Mining
30:45 Imperial Age
28:31 Hand Cart
28:01 Loom
29:02 Stone Shaft Mining
29:50 Heavy Plow
30:41 Bloodlines
31:25 Ballistics
30:57 Fletching
31:15 Scale Barding Armor
31:22 Squires
31:55 Siege Engineers
33:52 Chemistry
32:57 Siege Engineers
32:54 Bodkin Arrow
33:02 Scale Mail Armor
33:17 Forging
33:00 Elite Skirmisher
33:07 Cavalier
35:38 Chain Barding Armor
35:55 Iron Casting
34:51 Capped Ram
37:00 Paladin
38:36 Crenellations
38:36 Conscription
39:04 Plate Barding Armor
41:14 Hoardings
41:02 Masonry
41:54 Blast Furnace
Connection lost

Rejoining the realm…

Still unreachable

The connection could not be restored.

Session expired

The server has moved on; the page needs a fresh start.